 Dungeon Crawl Stone Soup version 0.27-a0-65-gfb268537a3 (webtiles) character file.

Game seed: 16743838129137319524

196 hehateme the Magician (level 5, -1/37 HPs)
             Began as a Gnoll Hedge Wizard on Jan 9, 2021.
             Slain by Duvessa
             ... wielding a +0 short sword
              (5 damage)
             ... on level 4 of the Dungeon.
             The game lasted 00:04:44 (4755 turns).

hehateme the Magician (Gnoll Hedge Wizard)          Turns: 4755, Time: 00:04:44

Health: -1/37      AC:  2    Str: 12    XL:     5   Next: 74%
Magic:  4/14       EV: 14    Int: 18    God:
Gold:   232        SH:  0    Dex: 14    Spells: 15/18 levels left

rFire    . . .     SeeInvis .   a - +0 dagger
rCold    . . .     Faith    .   (no shield)
rNeg     . . .     Spirit   .   b - +0 robe
rPois    .         Reflect  .   c - +0 hat
rElec    .         Harm     .   (no cloak)
rCorr    .         Rampage  .   (no gloves)
Will     .....                  (no boots)
Stlth    +++.......             (no amulet)
HPRegen  0.12/turn              (no ring)
MPRegen  0.14/turn              (no ring)

@: no status effects
A: distributed training, fangs 1, strong nose
a: no special abilities


You were on level 4 of the Dungeon.
You visited 1 branch of the dungeon, and saw 4 of its levels.

You collected 232 gold pieces.

Inventory:

Hand Weapons
 a - a +0 dagger (weapon)
 r - a +0 spear
Missiles
 m - 91 stones (quivered)
 u - 3 silver javelins
 v - 20 sling bullets
 w - 12 poisoned darts
 Q - 45 bolts
Armour
 b - a +0 robe (worn)
 c - a +0 hat (worn)
 s - a +0 animal skin
 t - a +0 helmet
Wands
 f - a wand of flame (15)
 o - a wand of enslavement (8)
Scrolls
 d - 3 scrolls of identify {unknown}
 j - a scroll of fog {unknown}
 n - 3 scrolls of teleportation {unknown}
 p - a scroll of fear {unknown}
 q - a scroll of remove curse {unknown}
 x - a scroll of immolation {unknown}
Potions
 e - a potion of attraction {unknown}
 g - 2 potions of lignification {unknown}
 h - 2 potions of haste {unknown}
 i - 5 potions of curing {unknown}
 k - 2 potions of mutation {unknown}
 l - a potion of invisibility {unknown}


   Skills:
 + Level 1.6 Fighting
 + Level 1.6 Short Blades
 + Level 1.6 Long Blades
 + Level 1.6 Axes
 + Level 1.6 Maces & Flails
 + Level 1.6 Polearms
 + Level 1.6 Staves
 + Level 1.6 Slings
 + Level 1.6 Bows
 + Level 1.6 Crossbows
 + Level 1.6 Throwing
 + Level 1.6 Armour
 + Level 4.8 Dodging
 + Level 4.4 Stealth
 + Level 1.6 Shields
 + Level 1.6 Unarmed Combat
 + Level 7.3 Spellcasting
 + Level 2.4 Conjurations
 + Level 1.3 Hexes
 + Level 2.4 Summonings
 + Level 1.3 Necromancy
 + Level 2.4 Translocations
 + Level 1.3 Transmutations
 + Level 1.3 Fire Magic
 + Level 1.3 Ice Magic
 + Level 1.3 Air Magic
 + Level 1.3 Earth Magic
 + Level 1.3 Poison Magic
 + Level 1.8 Invocations
 + Level 1.6 Evocations


You had 15 spell levels left.
You knew the following spells:

 Your Spells              Type           Power        Failure   Level
a - Magic Dart            Conj           60%          3%          1
c - Call Imp              Summ           15%          6%          2

Your spell library contained the following spells:

 Spells                   Type           Power        Failure   Level
 Blink                    Tloc           N/A          6%          2
 Slow                     Hex            11%          10%         2
 Conjure Flame            Conj/Fire      13%          14%         3
 Mephitic Cloud           Conj/Pois/Air  12%          16%         3


Dungeon Overview and Level Annotations

Branches:
Dungeon (4/15)
 Temple: D:4-7

Altars:
Dithmenos
Elyvilon
Gozag
Nemelex Xobeh
Wu Jian
Yredelemnul
The Shining One

Annotations:
D:4 Dowan, Duvessa, Edmund


Innate Abilities, Weirdness & Mutations

Your experience applies equally to all skills.
You have very sharp teeth.
Your uncanny sense of smell can sniff out nearby items.


Message History

You can't see that place.
Okay, then.
Unknown command.
Dowan gestures at you while chanting. The puff of frost misses you.
Duvessa hits your crimson imp with a +0 short sword!
You are no longer glowing.
Duvessa hits your crimson imp with a +0 short sword.
Duvessa hits your crimson imp with a +0 short sword.
Dowan says, "Magic and the sword, together, will defeat you."
Duvessa hits your crimson imp with a +0 short sword!
Your crimson imp dies!
Duvessa shouts!
Dowan gestures wildly while chanting.
Dowan blinks!
Dowan casts a spell at you. The puff of flame hits you!
* * * LOW HITPOINT WARNING * * *
Duvessa hits you with a +0 short sword.
You die...

#.###.#.......###...## #.#
#.#.#####.###....####
#########.###.#.# #............
.........e..e.#.# ###..#...)###
########.######.# ##...#..e.# #
#.## #.#####>......#.### #..#
#.................. ##### ##.##
#e#####...e...##.## ....#
##..e## #.@........##.##.#
###.###.#.#.###e####......#.##.#
#.##.##.##e##.####..###.#....#
#.#.#......5.<...5..# #...####
#.##..#.##.#######..###.#.#
#.###.#.#.## #...5..#.#
#........## #.##.###.#
#.#####.## #.##e###.##### #.#
#.. #............#

Skill      XL: |  1  2  3  4 |
---------------+-------------+-----
Conjurations   | 2 |  2.4
Summonings     | 2 |  2.4
Translocations | 2 |  2.4
Invocations    | 1 |  1.8
Fighting       | 1 |  1.6
Short Blades   | 1 |  1.6
Long Blades    | 1 |  1.6
Axes           | 1 |  1.6
Maces & Flails | 1 |  1.6
Polearms       | 1 |  1.6
Staves         | 1 |  1.6
Slings         | 1 |  1.6
Bows           | 1 |  1.6
Crossbows      | 1 |  1.6
Throwing       | 1 |  1.6
Armour         | 1 |  1.6
Shields        | 1 |  1.6
Unarmed Combat | 1 |  1.6
Evocations     | 1 |  1.6
Hexes          | 1 |  1.3
Necromancy     | 1 |  1.3
Transmutations | 1 |  1.3
Fire Magic     | 1 |  1.3
Ice Magic      | 1 |  1.3
Air Magic      | 1 |  1.3
Earth Magic    | 1 |  1.3
Poison Magic   | 1 |  1.3
Dodging        | |  4.8
Stealth        | |  4.4
Spellcasting   | |  7.3

Notes
Turn   | Place    | Note
-------+----------+-------------------------------------------
     0 | D:1      | hehateme the Gnoll Hedge Wizard began the quest for the
                  | Orb.
     0 | D:1      | Reached XP level 1. HP: 13/13 MP: 8/8
   204 | D:1      | Reached skill level 2 in Conjurations
   204 | D:1      | Reached skill level 2 in Summonings
   204 | D:1      | Reached skill level 2 in Translocations
   295 | D:1      | Reached XP level 2. HP: 19/19 MP: 7/10
   788 | D:2      | Reached XP level 3. HP: 25/25 MP: 6/11
  1252 | D:2      | Reached skill level 1 in Invocations
  1622 | D:2      | Found a faded altar of an unknown god.
  1669 | D:2      | Found an opulent altar of Gozag.
  1849 | D:2      | Reached skill level 1 in Fighting
  1849 | D:2      | Reached skill level 1 in Short Blades
  1849 | D:2      | Reached skill level 1 in Long Blades
  1849 | D:2      | Reached skill level 1 in Axes
  1849 | D:2      | Reached skill level 1 in Maces & Flails
  1849 | D:2      | Reached skill level 1 in Polearms
  1849 | D:2      | Reached skill level 1 in Staves
  1849 | D:2      | Reached skill level 1 in Slings
  1849 | D:2      | Reached skill level 1 in Bows
  1849 | D:2      | Reached skill level 1 in Crossbows
  1849 | D:2      | Reached skill level 1 in Throwing
  1849 | D:2      | Reached skill level 1 in Armour
  1849 | D:2      | Reached skill level 1 in Shields
  1849 | D:2      | Reached skill level 1 in Unarmed Combat
  1849 | D:2      | Reached skill level 1 in Evocations
  1971 | D:2      | Found a sparkling altar of Nemelex Xobeh.
  1979 | D:2      | Reached XP level 4. HP: 32/32 MP: 7/13
  2359 | D:3      | Found a glowing golden altar of the Shining One.
  2365 | D:3      | Found a white marble altar of Elyvilon.
  2369 | D:3      | Found a basalt altar of Yredelemnul.
  2553 | D:3      | Reached skill level 1 in Hexes
  2553 | D:3      | Reached skill level 1 in Necromancy
  2553 | D:3      | Reached skill level 1 in Transmutations
  2553 | D:3      | Reached skill level 1 in Fire Magic
  2553 | D:3      | Reached skill level 1 in Ice Magic
  2553 | D:3      | Reached skill level 1 in Air Magic
  2553 | D:3      | Reached skill level 1 in Earth Magic
  2553 | D:3      | Reached skill level 1 in Poison Magic
  2904 | D:3      | Found a shadowy altar of Dithmenos.
  2977 | D:4      | Learned a level 2 spell: Call Imp
  3007 | D:4      | Noticed Robin
  3177 | D:3      | HP: 4/32 [Robin/puff of flame (8)]
  3179 | D:3      | Killed Robin
  3660 | D:4      | Reached XP level 5. HP: 35/37 MP: 9/14
  3741 | D:4      | Noticed Edmund
  4240 | D:4      | Found an ornate altar of the Wu Jian Council.
  4289 | D:4      | Noticed Duvessa
  4289 | D:4      | Noticed Dowan
  4755 | D:4      | HP: 4/37 [Dowan/puff of flame (10)]
  4755 | D:4      | Slain by Duvessa

Table legend: (Time is in decaauts)
 A = Elapsed time spent in this place.
 B = Non-inter-level travel time spent in this place.
 C = Inter-level travel time spent in this place.
 D = Time resting spent in this place.
 E = Time spent auto-exploring this place.
 F = Levels seen in this place.
 G = Mean time per level.
                   A        B        C        D        E       F      G
               +--------+--------+--------+--------+--------+-----+--------+
         Total |   4760 |   4662 |     98 |   1203 |   3030 |   4 | 1190.0 |
       Dungeon |   4760 |   4662 |     98 |   1203 |   3030 |   4 | 1190.0 |
               +--------+--------+--------+--------+--------+-----+--------+

Top non-repeatable levels by time:
     D:3: 1856 daAuts
     D:2: 1298 daAuts
     D:4: 821 daAuts
     D:1: 783 daAuts

Table legend:
 A = Kills in this place as a percentage of kills in entire the game.
 B = Kills by you in this place as a percentage of kills by you in the entire game.
 C = Kills by friends in this place as a percentage of kills by friends in the entire game.
 D = Other kills in this place as a percentage of other kills in the entire game.
 E = Experience gained in this place as a percentage of experience gained in the entire game.
 F = Experience gained in this place divided by the number of levels of this place that you have seen.
                   A       B       C       D       E      F
               +-------+-------+-------+-------+-------+----------------------
         Total | 100.0 | 100.0 | 100.0 |   N/A | 100.0 |  70.0
       Dungeon | 100.0 | 100.0 | 100.0 |   N/A | 100.0 |  70.0
               +-------+-------+-------+-------+-------+----------------------

Action                   |  1- 3 |  4- 6 || total
-------------------------+-------+-------++-------
Melee: Dagger            |       |     2 ||     2
       Bite              |       |     1 ||     1
 Cast: Magic Dart        |    84 |   101 ||   185
       Call Imp          |       |    16 ||    16
Armor: Robe              |     3 |     2 ||     5
Dodge: Dodged            |     7 |    43 ||    50

Vanquished Creatures
  A howler monkey (D:4)
  A hound (D:4)
  Robin (D:3)
  6 adders
  2 worms
  3 dart slugs
  5 bats
  A giant cockroach (D:3)
  12 goblins
  4 hobgoblins
  3 jackals
  A quokka (D:4)
  2 ball pythons
  3 frilled lizards
  8 kobolds
  A quokka skeleton (D:4)
  3 rats
57 creatures vanquished.

Vanquished Creatures (collateral kills)
  2 goblins (D:4)
2 creatures vanquished.

Grand Total: 59 creatures vanquished You could see Duvessa and Dowan.

Levels and vault maps discovered:
D:1:      minmay_arrival_plants_in_alcoves, layout_basic
D:2:      layout_basic, nicolae_overflow_crystal_walls, lemuel_round_altar,
          chequers_ecumenical_altar_twisty
D:3:      layout_basic, marbit_many_paths, minmay_overflow_temple_star_quad,
          wad_floor_pattern_2, st_stairs_5
D:4:      layout_loops_ring, lemuel_crystal_altar, uniq_duvessa, uniq_robin,
          uniq_edmund
